 Dungeon Crawl Stone Soup version 0.29-a0-885-gb26ba3297d (webtiles) character file.

Game seed: 3613552080630664904

49 Nato the Chopper (level 3, 17/34 HPs)
             Began as a Hill Orc Monk on July 21, 2022.
             Quit the game on level 3 of the Dungeon.
             The game lasted 00:02:57 (1597 turns).

Nato the Chopper (Hill Orc Monk)                    Turns: 1597, Time: 00:02:58

Health: 17/34      AC:  1    Str: 15    XL:     3   Next: 75%
Magic:  3/3        EV: 12    Int: 10    God:
Gold:   45         SH:  0    Dex: 13    Spells: 2/2 levels left

rFire   . . .      SeeInvis .   a - +0 hand axe
rCold   . . .      Faith    .   (no shield)
rNeg    . . .      Spirit   .   b - +0 robe
rPois   +          Reflect  .   i - +2 helmet
rElec   .          Harm     .   (no cloak)
rCorr   .          Rampage  .   (no gloves)
Will    .....                   (no boots)
Stlth   ++........              (no amulet)
HPRegen 0.11/turn               k - ring of poison resistance
MPRegen 0.08/turn               (no ring)

@: corroded
A: no striking features
a: no special abilities


You were on level 3 of the Dungeon.
You visited 1 branch of the dungeon, and saw 4 of its levels.

You collected 45 gold pieces.

Inventory:

Hand Weapons
 a - a +0 hand axe (weapon)
Armour
 b - a +0 robe (worn)
 i - a +2 helmet (worn)
Jewellery
 k - a ring of poison resistance (left hand)
Scrolls
 d - a scroll of silence {unknown}
 f - a scroll of identify {unknown}
 h - a scroll of blinking {unknown}
Potions
 c - a potion of ambrosia
 e - a potion of curing {unknown}
 g - a potion of haste {unknown}
 j - a potion of attraction {unknown}


   Skills:
 + Level 4.7 Fighting
 + Level 5.1 Axes
 - Level 2.4 Dodging
 - Level 1.5 Stealth


You had 2 spell levels left.
You didn't know any spells.
Your spell library was empty.

Dungeon Overview and Level Annotations

Branches:
Dungeon (4/15)
 Temple: D:4-7

Altars:

Annotations:
D:4 Edmund


Message History

There is a stone staircase leading up here.
Found an escape hatch in the floor.
A goblin comes into view. It is wielding a +0 dagger.
The goblin shouts!
You miss the goblin. The goblin barely misses you.
You hit the goblin.
The goblin is severely wounded.
The goblin barely misses you. The goblin hits you with a +0 dagger.
You hit the goblin but do no damage.
The goblin is severely wounded.
The goblin misses you.
You hit the goblin.
You kill the goblin!
No target in view!
Things that are here:
a +0 dagger; a goblin corpse
Found a stone staircase leading down.
An endoplasm comes into view.
The endoplasm quivers.
There is a stone staircase leading down here.
You climb downwards.
Found a scroll labelled HIHARHACIL.
Found a stone staircase leading down and a stone staircase leading up.
There is a stone staircase leading up here.
A kobold comes into view. It is wielding a +0 short sword.
The kobold shouts!
An adder comes into view.
The jelly quivers.
The hobgoblin shouts!
Edmund the Younger comes into view.
He is wielding a +5 vorpal flail.
The jelly hits you. The acid corrodes you!
You are splashed with acid!
There is a stone staircase leading up here.
You can't go down here!
The adder bites you. The hobgoblin barely misses you.
The kobold hits you with a +0 short sword.
The jelly hits you but does no damage.
You climb upwards.
Found a scroll labelled HIHARHACIL.
There is a stone staircase leading down here.
Are you sure you want to abandon this character and quit the game? (Confirm with "yes".)

# #. ##.#
##...#####
##.....Jg?#
.......@#
####.##K.g#
#####


You could see a jelly, a hobgoblin, a goblin (asleep) and a kobold.

Vanquished Creatures
  A gnoll (D:1)
  An adder (D:2)
  A worm (D:2)
  A dart slug (D:2)
  An orc (D:3)
  3 ball pythons
  4 goblins
  2 hobgoblins (D:1)
  2 jackals (D:3)
  2 quokkas (D:1)
  2 frilled lizards (D:1)
  A kobold (D:1)
  2 rats (D:2)
23 creatures vanquished.

Vanquished Creatures (others)
  3 fungi (D:3)
  11 plants (D:3)
14 creatures vanquished.

Grand Total: 37 creatures vanquished

Notes
Turn   | Place    | Note
-------+----------+-------------------------------------------
     0 | D:1      | Nato the Hill Orc Monk began the quest for the Orb.
     0 | D:1      | Reached XP level 1. HP: 19/19 MP: 1/1
    35 | D:1      | Reached XP level 2. HP: 21/27 MP: 2/2
  1091 | D:3      | Found a faded altar of an unknown god.
  1156 | D:3      | Reached XP level 3. HP: 14/34 MP: 3/3
  1452 | D:2      | Reached skill level 5 in Axes
  1593 | D:4      | Noticed Edmund
  1597 | D:3      | Quit the game

Illustrated notes

Levels and vault maps discovered:
D:1:      erik_arrival_cave_to_civilisation [erik_arrival_cave_to_hall],
          layout_basic, serial_shops, shop, shop
D:2:      layout_rooms, minmay_misc_feat_five
D:3:      layout_loops_corners, shapermc_ecumenical_altar_mp_ritualfount,
          uniq_sigmund
D:4:      layout_rooms, uniq_edmund

Skill      XL: |  1  2  3 |
---------------+----------+-----
Fighting       | 4 |  4.7
Axes           | 5 |  5.1
Dodging        | |  2.4
Stealth        | |  1.5

Action                   || total
-------------------------++-------
Melee: Hand axe          ||   102
Armor: Robe              ||    22
Dodge: Dodged            ||    59

Table legend: (Time is in decaauts)
 A = Elapsed time spent in this place.
 B = Non-inter-level travel time spent in this place.
 C = Inter-level travel time spent in this place.
 D = Time resting spent in this place.
 E = Time spent auto-exploring this place.
 F = Levels seen in this place.
 G = Mean time per level.
                   A        B        C        D        E       F      G
               +--------+--------+--------+--------+--------+-----+--------+
         Total |   1602 |   1432 |    170 |    398 |    784 |   4 |  400.5 |
       Dungeon |   1602 |   1432 |    170 |    398 |    784 |   4 |  400.5 |
               +--------+--------+--------+--------+--------+-----+--------+

Top non-repeatable levels by time:
     D:1: 1074 daAuts
     D:2: 359 daAuts
     D:3: 161 daAuts
     D:4: 7 daAuts
